 Dungeon Crawl Stone Soup version 0.25.0-9-g26727b657a (webtiles) character file.

Game seed: 9217625459639184279

2644 protoss039 the Geomancer (level 9, -9/47 HPs)
             Began as a Deep Elf Earth Elementalist on June 22, 2020.
             Was a Believer of Vehumet.
             Mangled by a two-headed ogre
             ... wielding a +0 giant club
              (32 damage)
             ... on level 10 of the Dungeon.
             The game lasted 00:28:19 (7716 turns).

protoss039 the Geomancer (DEEE)                     Turns: 7716, Time: 00:28:19

Health: -9/47      AC:  4    Str:  5    XL:     9   Next: 35%
Magic:  9/25       EV: 13    Int: 24    God:    Vehumet [**....]
Gold:   365        SH:  0    Dex: 15    Spells: 12/28 levels left

rFire    . . .     SeeInvis +   A - +2 trident (venom)
rCold    . . .     Gourm    .   (no shield)
rNeg     . . .     Faith    .   s - +0 robe (curse)
rPois    .         Spirit   .   (no helmet)
rElec    .         Reflect  .   q - +0 cloak
rCorr    .         Harm     .   (no gloves)
MR       .....                  w - +0 pair of boots
Stlth    ++........             (no amulet)
HPRegen  0.15/turn              f - ring of see invisible
MPRegen  0.19/turn              (no ring)

@: no status effects
A: no striking features
a: Renounce Religion


You were on level 10 of the Dungeon.
You worshipped Vehumet.
Vehumet was pleased with you.
You were not hungry.

You visited 2 branches of the dungeon, and saw 9 of its levels.

You collected 365 gold pieces.

Inventory:

Hand Weapons
 j - a +1 dagger
 A - a +2 trident of venom (weapon)
Missiles
 b - 62 stones (quivered)
Armour
 q - a +0 cloak (worn)
 s - a cursed +0 robe (worn)
 w - a +0 pair of boots (worn)
Jewellery
 f - a ring of see invisible (left hand)
 D - an uncursed ring of protection from cold {unknown}
Wands
 y - a wand of digging (5)
Scrolls
 e - 3 scrolls of amnesia
 g - 3 scrolls of magic mapping
 l - 2 scrolls of teleportation
 m - 3 scrolls of remove curse
 r - 2 scrolls of enchant weapon
 x - a scroll of enchant armour {unknown}
 C - a scroll of identify
 E - a scroll of blinking
Potions
 a - 2 potions of ambrosia
 h - 4 potions of curing
 i - 4 potions of cancellation
 k - 2 potions of heal wounds
 n - 2 potions of berserk rage
 o - 2 potions of mutation {unknown}
 p - 2 potions of flight {unknown}
 t - a potion of lignification {unknown}
 u - 2 potions of brilliance
 v - 2 potions of haste {unknown}
 z - a potion of invisibility {unknown}
 B - a potion of degeneration {unknown}
Comestibles
 c - 2 chunks of flesh
 d - 11 rations


   Skills:
 + Level 1.0 Fighting
 - Level 1.3 Short Blades
 - Level 2.4 Dodging
 - Level 2.4 Stealth
 + Level 10.1 Spellcasting
 + Level 1.9 Conjurations
 + Level 1.1 Transmutations
 * Level 11.2 Earth Magic


You had 12 spell levels left.
You knew the following spells:

 Your Spells              Type           Power        Failure   Level  Hunger
a - Sandblast             Erth           ######       1%          1    None
b - Passwall              Tmut/Erth      #####...     1%          2    None
c - Stone Arrow           Conj/Erth      #####.       1%          3    None
d - Petrify               Tmut/Erth      #####...     4%          4    #......
e - Lee's Rapid Deconstr  Erth           ######....   1%          5    ####...
f - Shock                 Conj/Air       ###.         3%          1    None

Your spell library contained the following spells:

 Spells                   Type           Power        Failure   Level  Hunger
 Searing Ray              Conj           ###...       3%          2    None


Dungeon Overview and Level Annotations

Branches:
Dungeon (7/15)             Temple (1/1) D:5

Altars:
Ashenzari
Cheibriados
Elyvilon
Fedhas
Kikubaaqudgha
Makhleb
Nemelex Xobeh
Okawaru
Qazlal
Ru
Uskayaw
Vehumet
Wu Jian
Xom
Yredelemnul
The Shining One

Shops:
D:5 %


Message History

Unknown command.
Unknown command.
Casting: Stone Arrow (safe; 1% risk of failure)
Confirm with . or Enter, or press ? or * to list all spells.
Aiming: Sandblast (safe; 1% risk of failure)
Press: ? - help, Shift-Dir - straight line, f - hound skeleton
Aim: a hound skeleton
Okay, then.
You see here an arrow.
Unknown command.
Unknown command.
Unknown command.
There is an escape hatch in the ceiling here.
Unknown command.
Unknown command.
Unknown command.
The hound skeleton bites you but does no damage.
The two-headed ogre hits you with a +0 giant club!!
Ouch! That really hurt!
You die...

#.. #..)#.#....## ##..
#.###....†.....## .#.)
##...†..#####....##....
#.......## ###..#..##.
..##...(....# #...#.....
#.....##(..#######........
#..............##.........
#..).....Z.....###........
........O@..##............
............###..........#
............#...........##
...........###..........#
...........# #...........#
...........# #............
#F##..##.. .F...........
.. #.. .. .......#....#
..#....#.....


You could see a two-headed ogre, a bullfrog (wandering) and a hound skeleton.

Vanquished Creatures
  The ghost of IHuginn the Chiller, an amateur MfIE (D:4)
  Sigmund (D:5)
  An ice beast (D:6)
  2 orc warriors
  A sky beast (D:10)
  7 centaurs
  2 ogres
  Blork the orc (D:5)
  A gnoll sergeant (D:6)
  A water moccasin skeleton (D:7)
  A scorpion (D:7)
  A howler monkey (D:3)
  A centaur zombie (D:6)
  3 crimson imps
  4 orc priests
  A centaur skeleton (D:7)
  A hound (D:6)
  An orc wizard (D:6)
  4 iguanas
  Natasha (thrice) (D:2)
  6 worker ants
  A howler monkey zombie (D:7)
  A worker ant zombie (D:6)
  8 gnolls
  7 adders
  2 shadow imps
  An ooze (D:6)
  A worm (D:4)
  2 dart slugs
  4 leopard geckos
  19 orcs
  6 bats
  3 giant cockroaches
  3 goblins
  8 hobgoblins
  2 jackals (D:6)
  6 quokkas
  6 frilled lizards
  4 kobolds
  7 rats
135 creatures vanquished.

Notes
Turn   | Place    | Note
-------+----------+-------------------------------------------
     0 | D:1      | protoss039 the Deep Elf Earth Elementalist began the quest
                  | for the Orb.
     0 | D:1      | Reached XP level 1. HP: 10/10 MP: 6/6
   145 | D:1      | Reached XP level 2. HP: 12/15 MP: 1/8
   148 | D:1      | Reached skill level 4 in Earth Magic
  1291 | D:1      | Reached XP level 3. HP: 19/19 MP: 7/9
  1518 | D:2      | Noticed Natasha
  1523 | D:2      | Killed Natasha
  1523 | D:2      | Reached XP level 4. HP: 17/24 MP: 9/12
  1527 | D:2      | Learned a level 2 spell: Passwall
  1528 | D:2      | Noticed Natasha
  1531 | D:2      | Learned a level 3 spell: Stone Arrow
  1533 | D:2      | Killed Natasha
  1533 | D:2      | Reached skill level 5 in Earth Magic
  1612 | D:2      | Noticed Natasha
  1628 | D:2      | Killed Natasha
  2064 | D:3      | Reached XP level 5. HP: 28/28 MP: 10/13
  2290 | D:3      | Found a sparkling altar of Nemelex Xobeh.
  2338 | D:3      | Reached skill level 6 in Earth Magic
  2648 | D:3      | Found a white marble altar of Elyvilon.
  2688 | D:3      | Reached skill level 1 in Short Blades
  2688 | D:3      | Reached skill level 5 in Spellcasting
  2829 | D:4      | Found an ancient bone altar of Kikubaaqudgha.
  2838 | D:4      | Reached XP level 6. HP: 25/33 MP: 9/15
  2852 | D:4      | Found an ornate altar of the Wu Jian Council.
  2852 | D:4      | Found a hide-covered altar of Uskayaw.
  3366 | D:4      | Found a runed translucent door.
  4257 | D:4      | Noticed IHuginn's ghost (amateur MfIE)
  4265 | D:4      | Killed IHuginn's ghost
  4265 | D:4      | Reached skill level 7 in Earth Magic
  4265 | D:4      | Reached XP level 7. HP: 23/37 MP: 9/18
  4404 | D:5      | Entered Level 5 of the Dungeon
  4427 | D:5      | Found Leeked's Food Shoppe.
  4516 | D:5      | Noticed Sigmund
  4526 | D:5      | Killed Sigmund
  4527 | D:5      | Noticed Blork the orc
  4530 | D:5      | Killed Blork the orc
  4530 | D:5      | Reached skill level 8 in Earth Magic
  4708 | D:5      | Found a staircase to the Ecumenical Temple.
  4717 | Temple   | Entered the Ecumenical Temple
  4726 | Temple   | Became a worshipper of Vehumet
  4928 | D:5      | Reached skill level 1 in Conjurations
  5765 | D:6      | Reached XP level 8. HP: 42/42 MP: 13/21
  5930 | D:6      | Reached skill level 9 in Earth Magic
  6589 | D:6      | Reached * piety under Vehumet
  6589 | D:6      | Offered knowledge of Shock by Vehumet.
  6595 | D:6      | Learned a level 4 spell: Petrify
  6601 | D:6      | Learned a level 5 spell: Lee's Rapid Deconstruction
  6603 | D:6      | Learned a level 1 spell: Shock
  6642 | D:6      | Reached skill level 10 in Earth Magic
  6737 | D:6      | Found a shimmering altar of Xom.
  7168 | D:7      | Reached XP level 9. HP: 46/46 MP: 18/24
  7476 | D:7      | Reached skill level 1 in Fighting
  7525 | D:7      | Offered knowledge of Searing Ray by Vehumet.
  7637 | D:7      | Found a glowing golden altar of the Shining One.
  7668 | D:7      | You fall into a shaft and drop 3 floors!
  7668 | D:10     | Entered Level 10 of the Dungeon
  7682 | D:10     | Reached skill level 11 in Earth Magic
  7696 | D:10     | Reached ** piety under Vehumet
  7696 | D:10     | Reached skill level 10 in Spellcasting
  7707 | D:10     | Noticed a two-headed ogre
  7716 | D:10     | Mangled by a two-headed ogre

Illustrated notes

Levels and vault maps discovered:
D:1:      lemuel_arrival_room, layout_basic, minmay_hexomino_c4
D:2:      layout_rooms, first_ration, uniq_natasha
D:3:      layout_loops_ring, nicolae_overflow_hidden_temple, elyvilon_altar_4,
          st_stairs_2
D:4:      layout_basic, lemuel_crystal_altar, amethyst_overflow_temple_binary,
          ebering_ghost_reflecting_pool, minmay_misc_feat_plants
D:5:      layout_loops_ring, minmay_temple_entry_arrows, serial_shops, shop,
          uniq_blork_the_orc, uniq_sigmund
D:6:      layout_rooms, basic_altar, minmay_fractal_squares_diagonal_5
D:7:      layout_cave_pools, gammafunk_temple_overflow_claw, tso_oasis_becter
D:10:     layout_cave_pools, lemuel_mausoleum_altar_yredelemnul, uniq_josephine,
          uniq_psyche, uniq_fannar
Temple:   eino_temple_lava

Skill      XL: |  1  2  3  4  5  6  7  8  9 |
---------------+----------------------------+-----
Earth Magic    | 4 5 6 7 8 10 11 | 11.2
Spellcasting   | 4 5 6 7 9 10 | 10.1
Short Blades   | 1 |  1.3
Conjurations   | 1 |  1.9
Fighting       | 1 |  1.0
Dodging        | |  2.4
Stealth        | |  2.4
Transmutations | |  1.1

Action                   |  1- 3 |  4- 6 |  7- 9 || total
-------------------------+-------+-------+-------++-------
Melee: Dagger            |    59 |    22 |     1 ||    82
       Trident           |       |       |    13 ||    13
 Cast: Sandblast         |    31 |    58 |    60 ||   149
       Stone Arrow       |       |    12 |    35 ||    47
       Lee's Rapid Decon |       |       |     9 ||     9
       Passwall          |       |       |     1 ||     1
  Use: Potion            |       |     1 |     1 ||     2
       Scroll            |       |       |    14 ||    14
 Stab: Sleeping          |     3 |     1 |     1 ||     5
  Eat: Chunk             |     2 |     7 |    10 ||    19
       Ration            |       |       |     1 ||     1
Armor: Robe              |    12 |     3 |     5 ||    20
Dodge: Dodged            |    58 |    21 |    36 ||   115
